AoeStats
← mat90

Black Forest

508434161Analyzed
4v4 RM · 8d ago on Sep 22, 2026· 42m 9s· 8 players
Game mode
Random Map
Map size
Large (8 player)
Population
200
Speed
Normal
Resources
Standard
Victory
Conquest
Starting age
Dark Age
Ending age
Imperial Age
RankedLock teamsTeams togetherTeam positionsShared explorationLock speedFull tech treeHidden civsTurbo modeCheats
Victory
Defeat
🇮🇳 Dravidians · India
1168
+11
🇮🇳 Saracens · India
1121
+13
🇹🇼 Poles · Taiwan
1088
+14
🇹🇼 Vietnamese · Taiwan
1084
+14
🇵🇪 Poles · Peru
1085
-14
🇩🇪 Sicilians · Germany
1061
-13
🇨🇭 Bohemians · Switzerland
1050
-13
🇪🇸 Burmese · Spain
1016
-12
Mr.Big
5:36 Loom
12:48 Feudal Age
18:39 Fletching
21:00 Double-Bit Axe
26:14 Castle Age
27:19 Wheelbarrow
26:31 Loom
26:22 Crossbowman
27:31 Bodkin Arrow
32:22 Thumb Ring
33:50 Hand Cart
34:57 Town Watch
35:04 Horse Collar
36:26 Gold Mining
37:08 Elite Skirmisher
41:43 Imperial Age
39:34 Padded Archer Armor
40:01 Ballistics
41:03 Leather Archer Armor
42:06 Arbalester
42:49 Bracer
ELO800
8:59 Feudal Age
9:35 Double-Bit Axe
15:29 Forging
15:34 Bloodlines
16:22 Wheelbarrow
18:36 Scale Barding Armor
21:01 Castle Age
19:09 Gold Mining
19:00 Horse Collar
21:54 Bow Saw
21:10 Light Cavalry
22:11 Chain Barding Armor
25:32 Heavy Plow
28:29 Husbandry
29:53 Loom
32:45 Szlachta Privileges
33:01 Fervor
32:53 Loom
34:32 Stone Mining
37:59 Imperial Age
35:47 Hand Cart
35:19 Town Watch
36:13 Iron Casting
35:28 Fletching
36:44 Ballistics
36:38 Fortified Wall
36:49 Ballistics
39:07 Sanctity
38:47 Devotion
38:46 Cavalier
40:28 Blast Furnace
39:23 Bodkin Arrow
40:58 Chemistry
40:43 Padded Archer Armor
41:11 Block Printing
40:19 Winged Hussar
40:54 Pikeman
41:34 Squires
42:16 Caravan
ravish.ratnam
0:29 Loom
12:43 Feudal Age
19:17 Castle Age
18:02 Double-Bit Axe
20:22 Wheelbarrow
21:29 Hand Cart
21:48 Bow Saw
24:48 Horse Collar
26:16 Heavy Plow
28:21 Fortified Wall
32:51 Imperial Age
30:58 Fletching
31:54 Bodkin Arrow
31:59 Padded Archer Armor
32:27 Ballistics
31:56 Town Watch
33:30 Thumb Ring
34:51 Bracer
35:57 Chemistry
35:43 Gold Mining
36:28 Leather Archer Armor
37:03 Elite Elephant Archer
38:39 Ring Archer Armor
38:53 Town Patrol
39:20 Siege Elephant
DrGameHer
4:31 Loom
13:05 Feudal Age
13:20 Feudal Age
17:28 Castle Age
15:21 Double-Bit Axe
15:17 Horse Collar
18:50 Bow Saw
24:38 Town Watch
26:12 Gold Mining
26:13 Stone Mining
29:30 Imperial Age
27:48 Wheelbarrow
28:28 Gold Shaft Mining
29:01 Hand Cart
30:20 Scale Barding Armor
30:37 Heavy Plow
31:18 Conscription
32:26 Chain Barding Armor
31:30 Elite Mameluke
32:56 Forging
33:47 Plate Barding Armor
35:20 Counterweights
36:56 Iron Casting
40:03 Town Patrol
41:26 Bimaristan
xxxDonPabloxxx
0:34 Loom
15:55 Feudal Age
21:07 Castle Age
29:10 Fletching
mat90
9:27 Loom
11:30 Feudal Age
15:22 Castle Age
15:13 Wheelbarrow
14:58 Double-Bit Axe
15:20 Horse Collar
19:31 Hand Cart
22:06 Fervor
23:13 Squires
23:51 Pikeman
24:40 Elite Skirmisher
27:50 Fletching
31:57 Bodkin Arrow
34:33 Bow Saw
34:11 Town Watch
38:36 Imperial Age
37:18 Forging
37:08 Scale Mail Armor
37:12 Town Patrol
39:05 Chemistry
38:26 Ballistics
38:21 Fortified Wall
38:06 Murder Holes
39:28 Halberdier
munichbeerbar
1:10 Loom
14:14 Feudal Age
14:48 Town Watch
14:59 Horse Collar
15:59 Wheelbarrow
20:18 Castle Age
18:26 Gold Mining
21:20 Heavy Plow
23:05 Hand Cart
28:04 Stone Mining
33:51 Imperial Age
32:57 Gold Shaft Mining
33:10 Forging
33:06 Scale Barding Armor
34:17 Bloodlines
34:08 Husbandry
34:48 Iron Casting
33:54 Elite Battle Elephant
35:29 Conscription
36:14 Chain Barding Armor
36:55 Crop Rotation
38:37 Fletching
38:48 Padded Archer Armor
39:24 Plate Barding Armor
39:51 Blast Furnace
39:03 Howdah
38:40 Elite Skirmisher
40:05 Ballistics
40:46 Chemistry
42:12 Bodkin Arrow
PERSEUS
2:36 Loom
10:56 Feudal Age
15:03 Double-Bit Axe
18:13 Castle Age
16:57 Gold Mining
16:52 Horse Collar
21:14 Heavy Plow
22:49 Bow Saw
24:51 Scale Barding Armor
25:26 Husbandry
25:36 Bloodlines
26:50 Bloodlines
32:02 Imperial Age
31:49 Wheelbarrow
31:45 Forging
31:56 Chain Barding Armor
31:53 Stone Mining
33:12 Stone Shaft Mining
33:36 Iron Casting
32:28 Cavalier
34:13 Crop Rotation
34:37 Hand Cart
35:34 Light Cavalry
36:04 Treadmill Crane
36:13 Town Watch
37:30 Blast Furnace
38:11 Lechitic Legacy
37:20 Winged Hussar
39:27 Chemistry
38:47 Ballistics
39:36 Conscription
39:30 Fletching
39:41 Padded Archer Armor
39:06 Crossbowman
40:23 Arbalester
41:14 Bodkin Arrow
41:35 Leather Archer Armor
42:24 Bracer
Connection lost

Rejoining the realm…

Still unreachable

The connection could not be restored.

Session expired

The server has moved on; the page needs a fresh start.